 Dungeon Crawl Stone Soup version 0.30.1-11-g7821555f0a (webtiles) character file.

Game seed: 17619949969885136267

1838 Martska the Trooper (level 8, -1/65 HPs)
             Began as a Demonspawn Fighter on Dec 13, 2023.
             Was a Priest of Uskayaw.
             Slain by a gnoll
             ... wielding a +0 heavy spear
             ... led by a gnoll sergeant
              (5 damage)
             ... on level 6 of the Dungeon.
             The game lasted 00:13:11 (5103 turns).

Martska the Trooper (Demonspawn Fighter)            Turns: 5103, Time: 00:13:12

Health: -1/65      AC: 15    Str: 19    XL:     8   Next: 87%
Magic:  7/8        EV: 12    Int:  9    God:    Uskayaw [***...]
Gold:   347        SH:  9    Dex: 19    Spells: 7/7 levels left

rFire   + . .        y - +3 hammer (venom)
rCold   . . .        e - +3 buckler of the Stag {Will+}
rNeg    . . .        b - +0 scale mail
rPois   .            h - +2 hat
rElec   .            k - +0 cloak
rCorr   .            g - +2 pair of gloves
SInv    .            (no boots)
Will    +....        (no amulet) Stlth
                     n - ring of protection from fire
HPRegen 1.30/turn    F - +6 ring of dexterity
MPRegen 0.11/turn

%: no passive effects
@: mighty, flying
A: horns 1, icy blue scales 1, powered by death 1, powered by pain 2
a: Renounce Religion, Stomp, Line Pass


You were on level 6 of the Dungeon.
You worshipped Uskayaw.
Uskayaw was noncommittal.
You visited 2 branches of the dungeon, and saw 7 of its levels.
You also visited: Sewer and Ossuary.

You collected 347 gold pieces.

Inventory:

Hand Weapons
 a - a +0 trident
 c - a +4 spear
 y - a +3 hammer of venom (weapon)
 H - a +0 war axe
Armour
 b - a +0 scale mail (worn)
 e - the +3 buckler of the Stag (worn) {Will+}
   (You acquired it on level 3 of the Dungeon)

   Will:      It increases your willpower.
 g - a +2 pair of gloves (worn)
 h - a +2 hat (worn)
 k - a +0 cloak (worn)
Jewellery
 n - a ring of protection from fire (left hand)
 F - a +6 ring of dexterity (right hand)
 J - an amulet of magic regeneration
Wands
 A - a wand of mindburst (14)
 B - a wand of charming (18)
Scrolls
 d - 4 scrolls of magic mapping
 j - 3 scrolls of enchant weapon
 m - a scroll of fear
 p - 2 scrolls of teleportation
 r - a scroll of amnesia {unknown}
 u - 2 scrolls of torment
 v - 2 scrolls of poison
 w - a scroll of enchant armour {unknown}
 z - a scroll of fog {unknown}
 C - a scroll of vulnerability {unknown}
 I - a scroll of immolation {unknown}
Potions
 f - 2 potions of mutation {unknown}
 i - 3 potions of brilliance {unknown}
 l - a potion of heal wounds {unknown}
 o - 3 potions of flight
 q - 4 potions of might
 t - a potion of attraction {unknown}
 x - a potion of haste {unknown}
 D - a potion of magic {unknown}
 G - a potion of lignification {unknown}


   Skills:
 * Level 6.7 Fighting
 * Level 4.2(4.4) Axes
 - Level 1.7(3.2) Polearms
 + Level 4.7 Armour
 * Level 5.3 Dodging
 + Level 4.6 Shields


You had 7 spell levels left.
You didn't know any spells.
Your spell library contained the following spells:

 Spells                   Type           Power      Damage    Failure   Level
 Dazzling Flash           Conj/Hex       0%         N/A       99%         3
 Gell's Gravitas          Tloc           0%         N/A       99%         3
 Teleport Other           Tloc           0%         N/A       99%         3
 Volatile Blastmotes      Fire/Tloc      0%         2d10      99%         3
 Animate Dead             Necr           0%         N/A       100%        4
 Iskenderun's Mystic Bla  Conj/Tloc      0%         2d3       100%        4
 Borgnjor's Vile Clutch   Necr/Erth      0%         N/A       100%        5
 Death Channel            Necr           0%         N/A       100%        6
 Dispersal                Tloc           0%         N/A       100%        6
 Starburst                Conj/Fire      0%         6d3       100%        6


Dungeon Overview and Level Annotations

Branches:
Dungeon (6/15)             Temple (1/1) D:4           Sewer (visited)
Ossuary (visited)

Altars:
Ashenzari
Cheibriados
Dithmenos
Gozag
Kikubaaqudgha
Makhleb
Nemelex Xobeh
Okawaru
Ru
Trog
Uskayaw
Vehumet
Wu Jian
Xom
Yredelemnul

Shops:
D:1 :

Annotations:
D:6 Sigmund


Innate Abilities, Weirdness & Mutations

You have a pair of small horns on your head.
You are partially covered in icy blue scales. (AC +2)
You regenerate a little health from kills.
You sometimes gain power by taking damage.


Message History

The river rat bites you but does no damage.
You block the shadow imp's attack.
You closely miss the gnoll sergeant.
The gnoll sergeant is moderately wounded.
You kill Eustachio!
The river rat disappears in a puff of smoke!
The shadow imp disappears in a puff of smoke!
The quasit disappears in a puff of smoke!
The gnoll sergeant hits you but does no damage.
The gnoll barely misses you. Something hits you but does no damage.
The gnoll sergeant hits you with a +0 spear.
* * * LOW HITPOINT WARNING * * *
You feel your dexterity returning.
You sock the gnoll sergeant!
The gnoll sergeant is poisoned.
You headbutt the gnoll sergeant.
The gnoll sergeant is almost dead.
You hear a zap.
A bolt of light appears from out of thin air!
The bolt of light hits you!
You are confused.
* * * LOW HITPOINT WARNING * * *
The gnoll barely misses you.
The gnoll sergeant hits you with a +0 spear.
* * * LOW HITPOINT WARNING * * *
You hear some strange, mumbled words.
A puff of flame appears from out of thin air!
The puff of flame hits you but does no damage.
Uskayaw will force your foes to helplessly watch your dance.
You bump into the rock wall.
You kill the gnoll sergeant!
The gnoll closely misses you.
You hear some strange, mumbled words.
A puff of flame appears from out of thin air!
The puff of flame hits you. You resist.
* * * LOW HITPOINT WARNING * * *
You hit something.
You feel less confused. Something hits you but does no damage.
The gnoll hits you from afar with a +0 heavy spear.
You die...

###......## # .#
#.........## ###.##.
#..........#####
........#...............
........#.....##........
......##.......#g......#
...............#){...#
#.............).@)###
##..#..........)........
.#.##........$...##....#
....##...........# ....
.#..##†..........# ...
.................... ..
....#.†............# .
..................##
......##...........#


You could see a gnoll.

Vanquished Creatures
  Grinder (D:4)
  Eustachio (D:6)
  Edmund (D:5)
  2 water moccasins
  2 black bears
  An ice beast (D:5)
  A bullfrog (D:6)
  2 gnoll sergeants
  2 scorpions (D:5)
  2 jellies
  An orc priest (D:5)
  Crazy Yiuf (D:4)
  Jessica (D:2)
  2 orc wizards
  Ijyb (D:4)
  An iguana (D:5)
  2 mummies
  Robin (D:2)
  7 gnolls
  6 adders
  A shadow imp (D:5)
  A white imp (D:6)
  An ufetubus (D:5)
  4 dart slugs
  3 worms
  11 orcs
  6 spectral bats (Ossuary)
  2 bats
  8 endoplasms
  A giant cockroach (D:3)
  15 goblins
  9 hobgoblins
  10 jackals
  8 quokkas
  8 ball pythons
  A bat simulacrum (Ossuary)
  4 frilled lizards
  12 gnoll zombies (Ossuary)
  5 goblin simulacra (Ossuary)
  3 goblin zombies (Ossuary)
  5 hobgoblin zombies (Ossuary)
  3 kobolds
  4 kobold simulacra (Ossuary)
  3 kobold zombies (Ossuary)
  7 orc zombies (Ossuary)
  8 rats
  3 rat simulacra (Ossuary)
  4 spectral goblins (Ossuary)
  4 spectral kobolds (Ossuary)
  3 spectral rats (Ossuary)
195 creatures vanquished.

Vanquished Creatures (others)
  A gnoll (D:6)
1 creature vanquished.

Grand Total: 196 creatures vanquished

Notes
Turn   | Place    | Note
-------+----------+-------------------------------------------
     0 | D:1      | Martska the Demonspawn Fighter began the quest for the Orb.
     0 | D:1      | Reached XP level 1. HP: 18/18 MP: 1/1
    30 | D:1      | Gained mutation: You sometimes gain a little power by
                  | taking damage. [demonic ancestry]
    30 | D:1      | Reached XP level 2. HP: 24/24 MP: 2/2
    75 | D:1      | Reached skill level 1 in Dodging
   245 | D:1      | Found Uzobu's Book Emporium.
   306 | D:1      | Reached XP level 3. HP: 29/29 MP: 3/3
   502 | D:1      | Found a faded altar of an unknown god.
   913 | D:2      | Noticed Robin
   925 | D:2      | Killed Robin
   939 | D:2      | Reached XP level 4. HP: 19/37 MP: 4/4
  1667 | D:2      | Noticed Jessica
  1672 | D:2      | Killed Jessica
  1673 | D:2      | Reached skill level 4 in Fighting
  1926 | D:3      | Identified the +4 scale mail of Byuxon {rPois Str+2 Int-2
                  | Dex+3}
  1972 | D:3      | Gained mutation: You have a pair of small horns on your
                  | head. [demonic ancestry]
  1972 | D:3      | Reached XP level 5. HP: 42/42 MP: 5/5
  1996 | D:3      | Found an iron altar of Okawaru.
  2198 | D:3      | Found a glowing drain.
  2316 | Sewer    | Entered a sewer
  2372 | Sewer    | Noticed a water moccasin
  2378 | Sewer    | Killed a water moccasin
  2379 | Sewer    | Gained mutation: You are partially covered in icy blue
                  | scales. (AC +2) [demonic ancestry]
  2379 | Sewer    | Reached XP level 6. HP: 48/49 MP: 6/6
  2397 | Sewer    | Identified the +8 sling of Karma {elec, Contam rPois Str+4
                  | SInv}
  2454 | D:3      | Identified a scroll of acquirement
  2496 | D:3      | Acquired the +3 buckler of the Stag {Will+}
  2511 | D:4      | Found a staircase to the Ecumenical Temple.
  2582 | Temple   | Entered the Ecumenical Temple
  2598 | Temple   | Became a worshipper of Uskayaw the Reveller
  2668 | D:4      | Found a runed translucent door.
  2669 | D:4      | Noticed Crazy Yiuf
  2736 | D:4      | Reached * piety under Uskayaw
  2738 | D:4      | Reached ** piety under Uskayaw
  2820 | D:4      | Noticed Grinder
  2835 | D:4      | Killed Grinder
  2835 | D:4      | Reached *** piety under Uskayaw
  2836 | D:4      | Reached skill level 5 in Fighting
  2836 | D:4      | Reached skill level 1 in Axes
  2836 | D:4      | Gained mutation: You sometimes gain power by taking damage.
                  | [demonic ancestry]
  2836 | D:4      | Reached XP level 7. HP: 41/56 MP: 7/7
  3040 | D:4      | Noticed Ijyb
  3051 | D:4      | Killed Ijyb
  3060 | D:4      | Found a broken altar of Ashenzari.
  3127 | D:4      | Found a bloodstained altar of Trog.
  3309 | D:4      | Killed Crazy Yiuf
  3348 | D:5      | Entered Level 5 of the Dungeon
  3377 | D:5      | Noticed Edmund
  3389 | D:5      | Killed Edmund
  3709 | D:5      | Found a sand-covered staircase.
  3720 | Ossuary  | Entered an ossuary
  4118 | Ossuary  | Reached **** piety under Uskayaw
  4128 | Ossuary  | Reached ***** piety under Uskayaw
  4271 | D:5      | Found a sacrificial altar of Ru.
  4278 | D:5      | Gained mutation: You regenerate a little health from kills.
                  | [demonic ancestry]
  4278 | D:5      | Reached XP level 8. HP: 48/63 MP: 8/8
  4551 | D:5      | Reached skill level 6 in Fighting
  5057 | D:6      | Reached skill level 5 in Dodging
  5076 | D:6      | Noticed Sigmund
  5079 | D:6      | Identified the +3 quarterstaff of Begrat {antimagic, rN+
                  | Dex+2 SInv}
  5079 | D:6      | Noticed Eustachio
  5092 | D:6      | HP: 2/65 [gnoll/+0 heavy spear[a gnoll sergeant] (8)]
  5100 | D:6      | Killed Eustachio
  5102 | D:6      | HP: 3/65 [something/puff of flame (4)]
  5103 | D:6      | Slain by a gnoll

Illustrated notes

Levels and vault maps discovered:
D:1:      mushboom_english_gardens, layout_basic, serial_shops,
          nicolae_book_shop_shelving, shapermc_ecumenical_altar_mp_vishouse
D:2:      layout_basic, uniq_jessica, uniq_robin
D:3:      layout_rooms, okawaru_metal_pillars_1_2, gup_sewer_entry_bubbles
D:4:      layout_cave_pools, ashenzari_conservatory_becter, trog_butcher_becter,
          minmay_temple_entry_offerings, chequers_serial_rivers_large_b,
          uniq_ijyb, uniq_grinder, uniq_crazy_yiuf_cottage
D:5:      layout_loops_ring, mainiacjoe_overflow_alcove_2,
          gup_ossuary_entry_pyramid, uniq_edmund
D:6:      layout_cave_pools, mainiacjoe_overflow_cross_hatched, uniq_eustachio,
          uniq_sigmund
Temple:   hellmonk_temple_two_chambers

Skill      XL: |  1  2  3  4  5  6  7  8 |
---------------+-------------------------+-----
Dodging        | 1 2 3 4 5 |  5.3
Shields        | 3 4 |  4.6
Armour         | 3 4 |  4.7
Fighting       | 4 5 6 |  6.7
Axes           | 1 3 4 |  4.2
Polearms       | |  1.7

Action                     |  1- 3 |  4- 6 |  7- 9 || total
---------------------------+-------+-------+-------++-------
  Melee: Trident           |   121 |   157 |       ||   278
         Headbutt          |       |    13 |    59 ||    72
         Mace              |       |    34 |   293 ||   327
    Use: Potion            |     1 |       |     7 ||     8
         Scroll            |       |     5 |     4 ||     9
   Stab: Paralysed         |       |       |     8 ||     8
 Armour: Scale mail        |    62 |    77 |   206 ||   345
  Dodge: Dodged            |    53 |    75 |   203 ||   331
  Block: Buckler           |    19 |    40 |   165 ||   224
